 Dungeon Crawl Stone Soup version 0.27-a0-553-ge0ab5a2769 (webtiles) character file.

Game seed: 1839884175633659870

110 Astera the Bolt Thrower (level 5, -1/32 HPs)
             Began as a Kobold Hunter on Mar 7, 2021.
             Was an Initiate of Ashenzari.
             Slain by a worker ant (3 damage)
             ... on level 4 of the Dungeon on Mar 8, 2021.
             The game lasted 00:16:37 (4598 turns).

Astera the Bolt Thrower (Kobold Hunter)             Turns: 4598, Time: 00:16:38

Health: -1/32      AC:  4    Str:  9    XL:     5   Next: 14%
Magic:  5/5        EV: 15    Int: 12    God:    Ashenzari [......]
Gold:   204        SH:  0    Dex: 17    Spells: 4/4 levels left

rFire    . . .     SeeInvis .   b - +0 short sword
rCold    . . .     Faith    .   (shield restricted)
rNeg     . . .     Spirit   .   c - +0 leather armour
rPois    .         Reflect  .   (no helmet)
rElec    .         Harm     .   (no cloak)
rCorr    .         Rampage  .   q - +0 pair of gloves
Will     .....                  (no boots)
Stlth    +++.......             (no amulet)
HPRegen  0.10/turn              (no ring)
MPRegen  0.09/turn              (no ring)

@: lethally poisoned (-1 -> -11)
A: small, nightstalker 3
a: Renounce Religion


You were on level 4 of the Dungeon.
You worshipped Ashenzari.
Ashenzari was noncommittal.
You visited 2 branches of the dungeon, and saw 6 of its levels.

You collected 204 gold pieces.

Inventory:

Hand Weapons
 a - a +1 hand crossbow
 b - a +0 short sword (weapon)
Missiles
 d - 46 bolts
 h - 2 atropa-tipped darts (quivered)
Armour
 c - a +0 leather armour (worn)
 q - a +0 pair of gloves (worn)
Scrolls
 g - 2 scrolls of identify
 i - 2 scrolls of immolation
 k - 3 scrolls of enchant armour
 l - 2 scrolls of blinking
 m - a scroll of fear
 o - 2 scrolls of enchant weapon
 r - 4 scrolls of teleportation
 s - 2 scrolls of magic mapping
Potions
 e - a potion of magic
 f - a potion of flight


   Skills:
 + Level 3.1 Fighting
 + Level 2.0 Short Blades
 + Level 5.9 Crossbows
 + Level 3.1 Dodging
 + Level 2.3 Stealth


You had 4 spell levels left.
You didn't know any spells.
Your spell library was empty.

Dungeon Overview and Level Annotations

Branches:
Dungeon (5/15)             Temple (1/1) D:4

Altars:
Ashenzari
Cheibriados
Dithmenos
Elyvilon
Gozag
Hepliaklqana
Kikubaaqudgha
Makhleb
Nemelex Xobeh
Ru
Sif Muna
Trog
Wu Jian
Xom
Yredelemnul
Zin
The Shining One

Annotations:
D:4 Edmund


Innate Abilities, Weirdness & Mutations

You are small and have problems with some larger weapons.
You are completely attuned to the shadows.


Message History

You closely miss the worker ant.
The worker ant is severely wounded.
The worker ant bites you.
You are more poisoned.
The worker ant poisons you!
You barely miss the worker ant.
The worker ant is severely wounded.
You feel sick. The worker ant misses you. The worker ant barely misses you.
You closely miss the worker ant.
The worker ant is severely wounded.
The worker ant bites you.
* * * LOW HITPOINT WARNING * * *
You are lethally poisoned!
The worker ant poisons you!
Okay, then.
You hit the worker ant.
The worker ant is almost dead.
* * * LOW HITPOINT WARNING * * *
You feel sick. The worker ant barely misses you.
You hit the worker ant but do no damage.
The worker ant is almost dead.
* * * LOW HITPOINT WARNING * * *
You feel sick. The worker ant barely misses you.
You hit the worker ant but do no damage.
The worker ant is almost dead.
* * * LOW HITPOINT WARNING * * *
You feel sick. The worker ant closely misses you.
Okay, then.
Okay, then.
You don't know any spells.
You hit the worker ant but do no damage.
The worker ant is almost dead.
* * * LOW HITPOINT WARNING * * *
You feel sick. The worker ant completely misses you.
The worker ant closely misses you.
You hit the worker ant but do no damage.
The worker ant is almost dead.
* * * LOW HITPOINT WARNING * * *
You feel sick. The worker ant bites you.
You die...

#'##..# #...........####
......#####........##.##
...##.#..........####..#
..............>..# ##.#
.................# #.#
............#....# #.#
.................# #.##
...########...#B######..####
#### #....##.@..........# #
##.##########.......# #..#
#.......# ##..# #.......#
#..## ##......# #..#
#......# #### #......#
########


You could see a worker ant.

Vanquished Creatures
  A worker ant (D:3)
  An adder (D:3)
  A shadow imp (D:5)
  An ufetubus (D:3)
  2 adder skeletons (D:4)
  5 dart slugs
  A leopard gecko (D:1)
  3 orcs (D:3)
  A giant cockroach (D:2)
  6 hobgoblins
  A quokka (D:3)
  8 bats
  5 frilled lizards
  2 goblins
  3 kobolds
  A quokka skeleton (D:4)
  9 rats
51 creatures vanquished.

Notes
Turn   | Place    | Note
-------+----------+-------------------------------------------
     0 | D:1      | Astera the Kobold Hunter began the quest for the Orb.
     0 | D:1      | Reached XP level 1. HP: 12/12 MP: 1/1
   160 | D:1      | Reached skill level 5 in Crossbows
   255 | D:1      | Reached XP level 2. HP: 11/18 MP: 2/2
  1376 | D:2      | Reached XP level 3. HP: 22/22 MP: 3/3
  1449 | D:2      | Reached skill level 1 in Short Blades
  1964 | D:3      | Reached XP level 4. HP: 24/27 MP: 4/4
  2823 | D:4      | Noticed an ogre
  2878 | D:4      | Found a glowing silver altar of Zin.
  3161 | D:4      | Found a staircase to the Ecumenical Temple.
  3167 | Temple   | Entered the Ecumenical Temple
  3303 | Temple   | Became a worshipper of Ashenzari the Shackled
  3323 | D:4      | Upgraded the game from 0.27-a0-543-gd81048afd2 to
                  | 0.27-a0-553-ge0ab5a2769
  3442 | D:3      | Reached XP level 5. HP: 26/32 MP: 5/5
  3525 | D:4      | Noticed Edmund
  3528 | D:4      | Found a basalt altar of Yredelemnul.
  4104 | D:4      | Found a glowing golden altar of the Shining One.
  4456 | D:5      | Entered Level 5 of the Dungeon
  4598 | D:4      | Slain by a worker ant

Illustrated notes

Levels and vault maps discovered:
D:1:      minmay_arrival_jagged, layout_basic, columned_hall_lemuel,
          minmay_misc_feat_square
D:2:      layout_rooms
D:3:      layout_loops_ring
D:4:      layout_rooms, kennysheep_mini, kennysheep_mini_moat,
          minmay_temple_entry_junction, lemuel_tele_altar, uniq_edmund
D:5:      layout_basic, okawaru_altar_gauntlet_db,
          nicolae_qazlal_eye_of_the_storm, sigmund_army, uniq_eustachio,
          uniq_crazy_yiuf_cottage, uniq_sigmund, uniq_grinder
Temple:   jpeg_temple_clearing

Skill      XL: |  1  2  3  4  5 |
---------------+----------------+-----
Crossbows      | 5 |  5.9
Short Blades   | 1 2 |  2.0
Stealth        | 2 |  2.3
Dodging        | 3 |  3.1
Fighting       | 3 |  3.1

Action                   |  1- 3 |  4- 6 || total
-------------------------+-------+-------++-------
Melee: Short sword       |    56 |   105 ||   161
 Fire: Hand crossbow     |    31 |    28 ||    59
Throw: Dart              |       |     2 ||     2
  Use: Potion            |       |     4 ||     4
 Stab: Distracted        |       |     1 ||     1
Armor: Leather armour    |    26 |    19 ||    45
Dodge: Dodged            |    46 |    90 ||   136

Table legend: (Time is in decaauts)
 A = Elapsed time spent in this place.
 B = Non-inter-level travel time spent in this place.
 C = Inter-level travel time spent in this place.
 D = Time resting spent in this place.
 E = Time spent auto-exploring this place.
 F = Levels seen in this place.
 G = Mean time per level.
                   A        B        C        D        E       F      G
               +--------+--------+--------+--------+--------+-----+--------+
         Total |   4597 |   4251 |    346 |    564 |   2728 |   6 |  766.2 |
       Dungeon |   4445 |   4099 |    346 |    564 |   2607 |   5 |  889.0 |
        Temple |    152 |    152 |      0 |      0 |    121 |   1 |  152.0 |
               +--------+--------+--------+--------+--------+-----+--------+

Top non-repeatable levels by time:
     D:3: 1818 daAuts
     D:1: 1125 daAuts
     D:4: 756 daAuts
     D:2: 624 daAuts
  Temple: 152 daAuts
     D:5: 120 daAuts
